AoeStats
← TiTanus21

Arena

510156819Analyzed
4v4 RM · 3d ago on Sep 29, 2026· 68m 44s· 8 players
Game mode
Random Map
Map size
Large (8 player)
Population
200
Speed
Normal
Resources
Standard
Victory
Conquest
Starting age
Dark Age
Ending age
Imperial Age
RankedLock teamsTeams togetherTeam positionsShared explorationLock speedFull tech treeHidden civsTurbo modeCheats
Victory
Defeat
🇷🇺 Turks · Russia
977
+14
🇬🇧 Cumans · United Kingdom
971
+14
🇦🇷 Celts · Argentina
937
+15
🇨🇦 Bulgarians · Canada
884
+18
🇨🇿 Cumans · Czechia
967
-17
🇨🇿 Bohemians · Czechia
920
-15
🇨🇿 Teutons · Czechia
911
-15
🇨🇿 Byzantines · Czechia
903
-14
JTF2Deathadder
11:42 Feudal Age
14:58 Scale Mail Armor
15:09 Forging
17:37 Gold Mining
20:41 Arson
26:10 Castle Age
26:35 Wheelbarrow
26:26 Double-Bit Axe
27:43 Bow Saw
28:25 Hand Cart
28:32 Chain Mail Armor
28:54 Iron Casting
28:28 Gambesons
28:56 Squires
31:08 Scale Barding Armor
31:32 Stone Mining
32:18 Gold Shaft Mining
34:04 Chain Barding Armor
35:09 Loom
35:46 Fletching
37:05 Bodkin Arrow
37:11 Padded Archer Armor
39:47 Leather Archer Armor
41:03 Stirrups
44:17 Imperial Age
44:35 Elite Konnik
45:36 Conscription
48:28 Stone Shaft Mining
51:20 Capped Ram
52:02 Siege Ram
WarW◯lf 103 {WYR}
11:24 Feudal Age
11:58 Horse Collar
12:20 Double-Bit Axe
17:50 Gold Mining
18:20 Loom
18:49 Scale Mail Armor
20:24 Wheelbarrow
27:19 Castle Age
27:38 Arson
28:24 Forging
27:36 Capped Ram
27:38 Pikeman
28:19 Squires
31:21 Heavy Plow
33:22 Stone Mining
42:08 Bow Saw
45:46 Imperial Age
45:06 Fervor
47:01 Murder Holes
48:07 Chemistry
47:27 Ballistics
47:37 Padded Archer Armor
47:28 Fletching
47:48 Thumb Ring
48:11 Parthian Tactics
48:08 Hand Cart
47:40 Town Watch
47:39 Elite Kipchak
48:26 Steppe Husbandry
49:06 Gold Shaft Mining
48:02 Halberdier
50:46 Chain Mail Armor
51:06 Iron Casting
50:27 Bodkin Arrow
50:48 Leather Archer Armor
51:19 Crop Rotation
51:52 Two-Man Saw
52:15 Siege Ram
53:29 Ring Archer Armor
58:12 Masonry
58:36 Plate Mail Armor
59:07 Blast Furnace
58:14 Steppe Husbandry
58:20 Steppe Husbandry
58:41 Conscription
64:45 Onager
VerGoTTA
10:52 Feudal Age
15:40 Castle Age
13:53 Double-Bit Axe
22:55 Horse Collar
24:15 Wheelbarrow
24:45 Bow Saw
25:34 Heavy Plow
25:46 Gold Mining
26:35 Hand Cart
26:26 Loom
28:40 Gold Shaft Mining
28:00 Fletching
32:03 Imperial Age
31:48 Stone Mining
32:11 Murder Holes
31:49 Man-at-Arms
32:15 Gambesons
32:16 Arson
31:53 Pikeman
32:37 Capped Ram
32:45 Long Swordsman
34:29 Stone Shaft Mining
33:29 Siege Ram
33:35 Two-Handed Swordsman
34:19 Scale Mail Armor
34:31 Forging
33:49 Halberdier
35:34 Conscription
35:22 Stronghold
36:04 Champion
37:02 Chain Mail Armor
37:24 Iron Casting
a3ik07
10:06 Feudal Age
16:27 Castle Age
15:24 Double-Bit Axe
19:01 Loom
24:58 Wheelbarrow
24:08 Town Watch
27:44 Bloodlines
30:48 Horse Collar
31:07 Gold Mining
33:39 Hand Cart
33:45 Bow Saw
34:23 Husbandry
35:15 Gold Shaft Mining
34:55 Stone Mining
39:07 Imperial Age
37:09 Heavy Plow
37:05 Fletching
39:33 Scale Barding Armor
39:39 Forging
41:36 Two-Man Saw
41:04 Chain Barding Armor
40:44 Padded Archer Armor
41:20 Iron Casting
40:41 Bodkin Arrow
40:10 Heavy Camel Rider
44:17 Plate Barding Armor
45:28 Conscription
45:43 Artillery
46:43 Hoardings
47:43 Elite Janissary
51:32 Caravan
58:12 Town Patrol
59:15 Blast Furnace
58:31 Leather Archer Armor
58:16 Scale Mail Armor
58:17 Bracer
58:08 Arrowslits
58:44 Ballistics
58:35 Masonry
58:21 Murder Holes
58:36 Fortified Wall
59:15 Elite Janissary
59:26 Elite Janissary
60:41 Coinage
60:44 Ring Archer Armor
Juklik
9:18 Loom
11:15 Feudal Age
11:51 Horse Collar
12:01 Double-Bit Axe
16:43 Scale Mail Armor
16:54 Forging
25:44 Castle Age
24:34 Stone Mining
26:05 Fletching
27:12 Bow Saw
27:07 Heavy Plow
28:51 Gold Mining
31:43 Thumb Ring
31:53 Steppe Husbandry
32:05 Padded Archer Armor
32:04 Town Watch
34:01 Gold Shaft Mining
35:25 Capped Ram
36:35 Bodkin Arrow
43:43 Imperial Age
41:49 Wheelbarrow
41:37 Leather Archer Armor
41:58 Iron Casting
41:39 Chain Mail Armor
47:07 Chemistry
46:27 Ballistics
46:03 Murder Holes
46:21 Masonry
48:40 Ring Archer Armor
48:40 Parthian Tactics
49:38 Heavy Cavalry Archer
53:38 Hand Cart
55:46 Conscription
TiTanus21
0:37 Loom
10:54 Feudal Age
11:05 Man-at-Arms
13:33 Forging
13:53 Scale Mail Armor
14:33 Double-Bit Axe
18:02 Horse Collar
21:01 Castle Age
26:43 Scale Barding Armor
26:31 Fletching
28:11 Bow Saw
29:58 Wheelbarrow
30:53 Husbandry
31:23 Murder Holes
32:31 Gold Mining
32:32 Stone Mining
32:42 Bodkin Arrow
35:26 Iron Casting
42:03 Imperial Age
45:39 Logistica
45:50 Conscription
45:31 Cavalier
46:25 Elite Cataphract
48:13 Paladin
49:15 Chain Barding Armor
54:53 Elite Skirmisher
55:39 Treadmill Crane
55:38 Pikeman
56:20 Squires
57:47 Halberdier
58:56 Chain Mail Armor
Furthad
0:40 Loom
12:28 Feudal Age
13:44 Horse Collar
13:52 Double-Bit Axe
14:00 Gold Mining
18:23 Castle Age
17:44 Bloodlines
41:02 Forging
42:34 Iron Casting
43:35 Bloodlines
44:04 Scale Barding Armor
51:06 Wheelbarrow
52:43 Padded Archer Armor
55:54 Elite Skirmisher
60:51 Fletching
62:25 Town Watch
62:55 Hand Cart
63:43 Scale Mail Armor
DUR4 Charlie
11:15 Feudal Age
15:37 Castle Age
15:14 Double-Bit Axe
21:21 Horse Collar
22:46 Fletching
22:59 Padded Archer Armor
23:23 Murder Holes
29:50 Chemistry
29:11 Ballistics
28:52 Bodkin Arrow
29:26 Heavy Plow
31:44 Wheelbarrow
30:55 Town Watch
32:34 Wagenburg Tactics
36:59 Imperial Age
37:59 Pikeman
38:40 Squires
38:26 Arson
45:31 Imperial Age
43:17 Hand Cart
43:03 Town Patrol
42:50 Loom
43:19 Masonry
45:29 Caravan
45:40 Elite Hussite Wagon
46:41 Conscription
45:49 Houfnice
49:02 Halberdier
52:39 Coinage
Connection lost

Rejoining the realm…

Still unreachable

The connection could not be restored.

Session expired

The server has moved on; the page needs a fresh start.